 Dungeon Crawl Stone Soup version 0.26-a0-663-g36e8fdb655 (webtiles) character file.

Game seed: 17361858463570784302

1210 demenzo the Covered (level 8, -7/48 HPs)
             Began as a Deep Elf Fighter on Oct 10, 2020.
             Mangled by an ogre
             ... wielding a +0 giant club
              (13 damage)
             ... on level 5 of the Dungeon.
             The game lasted 00:11:09 (8288 turns).

demenzo the Covered (Deep Elf Fighter)              Turns: 8288, Time: 00:11:09

Health: -7/48      AC:  9    Str: 15    XL:     8   Next: 22%
Magic:  10/10      EV:  4    Int: 14    God:
Gold:   295        SH:  9    Dex: 14    Spells: 7/7 levels left

rFire    . . .     SeeInvis .   a - +1 war axe
rCold    . . .     Faith    +   c - +0 kite shield
rNeg     . . .     Spirit   .   g - +0 chain mail
rPois    +         Reflect  .   (no helmet)
rElec    .         Harm     .   (no cloak)
rCorr    .         Rampage  .   (no gloves)
MR       .....                  (no boots)
Stlth    ..........             d - amulet of faith
HPRegen  0.16/turn              j - ring of poison resistance
MPRegen  0.12/turn              (no ring)

@: no status effects
A: no striking features
a: no special abilities


You were on level 5 of the Dungeon.
You visited 1 branch of the dungeon, and saw 6 of its levels.

You collected 295 gold pieces.

Inventory:

Hand Weapons
 a - a +1 war axe (weapon)
 l - a cursed -3 hunting sling
Missiles
 f - 118 stones (quivered)
 k - a throwing net
 m - 13 sling bullets
 q - 11 poisoned darts
 r - 44 bolts
 D - a boomerang
Armour
 b - a +0 scale mail
 c - a +0 kite shield (worn)
 g - a +0 chain mail (worn)
Jewellery
 d - an amulet of faith (around neck)
 j - a ring of poison resistance (left hand)
Wands
 s - a wand of digging (4)
 w - a wand of random effects (10)
 x - a wand of acid (3)
 E - a wand of iceblast (10)
Scrolls
 e - a scroll of blinking
 h - 6 scrolls of teleportation
 B - a scroll of amnesia {unknown}
 C - a scroll of noise {unknown}
Potions
 i - a potion of haste
 n - 3 potions of brilliance
 o - 2 potions of flight
 p - a potion of curing
 t - 2 potions of magic
 u - a potion of might
 v - 3 potions of heal wounds
 z - a potion of lignification


   Skills:
 + Level 4.7 Fighting
 + Level 4.3 Axes
 + Level 4.8 Armour
 + Level 4.7 Shields


You had 7 spell levels left.
You didn't know any spells.
Your spell library was empty.

Dungeon Overview and Level Annotations

Branches:
Dungeon (6/15)
 Temple: D:4-7

Altars:
Ashenzari
Cheibriados
Fedhas
Kikubaaqudgha
Makhleb
Xom

Shops:
D:5 (

Annotations:
D:6 Dowan, Duvessa


Message History

The centaur shoots an arrow.
The arrow hits you but does no damage.
The centaur shoots an arrow.
The arrow hits you.
The centaur shoots an arrow.
The arrow hits you.
You see here 2 arrows.
The ogre shouts!
You see here 2 arrows.
You see here 4 arrows.
There is a stone staircase leading up, spattered with blood here.
You see here an arrow.
The centaur unwields a +0 shortbow.
The centaur hits you but does no damage.
The ogre hits you with a +0 giant club!!
Ouch! That really hurt!
* * * LOW HITPOINT WARNING * * *
You climb upwards.
There is a stone staircase leading down here.
You see here an amulet of faith.
There is an escape hatch in the ceiling here.
The ogre hits you with a +0 giant club!
You die...

#.........# #.........#
..........#####.........#
........................#
........................#
..........##............#
..........##."........####
#.........#####........≈.#
#.........# #.O......≈.#
.##...##### ##@......≈.#
..#..## ##.....#≈## #....#
#######≈# ####.# #≈# #.#
### ###


You could see an ogre.

Vanquished Creatures
  Prince Ribbit (D:6)
  Grinder (D:3)
  A phantom (D:4)
  A bullfrog (D:5)
  A water moccasin skeleton (D:4)
  A howler monkey (D:3)
  4 hounds
  An orc priest (D:5)
  2 bullfrog skeletons (D:5)
  A centaur skeleton (D:5)
  An iguana (D:4)
  An orc wizard (D:4)
  Ijyb (D:3)
  Terence (D:2)
  A worker ant (D:4)
  A hound zombie (D:6)
  9 adders
  A white imp (D:5)
  An ufetubus (D:5)
  An ooze (D:4)
  An adder zombie (D:4)
  An adder skeleton (D:5)
  2 worms (D:4)
  A leopard gecko (D:2)
  17 orcs
  2 ball pythons
  2 giant cockroaches
  9 hobgoblins
  12 jackals
  9 kobolds
  7 bats
  10 frilled lizards
  7 goblins
  A quokka zombie (D:6)
  5 rats
118 creatures vanquished.

Vanquished Creatures (others)
  7 plants
7 creatures vanquished.

Grand Total: 125 creatures vanquished

Notes
Turn   | Place    | Note
-------+----------+-------------------------------------------
     0 | D:1      | demenzo the Deep Elf Fighter began the quest for the Orb.
     0 | D:1      | Reached XP level 1. HP: 13/13 MP: 3/3
   198 | D:1      | Found a broken altar of Ashenzari.
   233 | D:1      | Reached XP level 2. HP: 11/18 MP: 4/4
  1239 | D:2      | Noticed Terence
  1260 | D:2      | Killed Terence
  1260 | D:2      | Reached XP level 3. HP: 5/22 MP: 5/5
  1947 | D:2      | Reached XP level 4. HP: 28/28 MP: 6/6
  2564 | D:3      | Noticed Grinder
  2566 | D:3      | Paralysed by Grinder for 5 turns
  2574 | D:3      | Killed Grinder
  2574 | D:3      | Reached XP level 5. HP: 6/32 MP: 7/7
  2574 | D:3      | Reached XP level 6. HP: 7/37 MP: 8/8
  2842 | D:3      | Found an ancient bone altar of Kikubaaqudgha.
  2842 | D:3      | Found a blossoming altar of Fedhas.
  2842 | D:3      | Found a snail-covered altar of Cheibriados.
  2842 | D:3      | Found a shimmering altar of Xom.
  3796 | D:3      | Noticed Ijyb
  3810 | D:3      | Killed Ijyb
  4815 | D:4      | Reached XP level 7. HP: 37/42 MP: 9/9
  6433 | D:5      | Entered Level 5 of the Dungeon
  6756 | D:5      | Found Itiolius's Weapon Shop.
  7011 | D:5      | Found a burning altar of Makhleb.
  7652 | D:6      | Noticed Prince Ribbit
  7780 | D:6      | Killed Prince Ribbit
  7780 | D:6      | Reached XP level 8. HP: 29/48 MP: 10/10
  7922 | D:6      | Noticed Duvessa
  7927 | D:6      | Noticed Dowan
  8288 | D:5      | Mangled by an ogre

Illustrated notes

Levels and vault maps discovered:
D:1:      kilobyte_arrival_exit_the_forest, layout_basic, minivault_25,
          evilmike_ruin_ashenzari
D:2:      layout_loops_ring, minmay_lizard_king, uniq_terence
D:3:      layout_basic, chequers_temple_overflow_statue_of_worship, uniq_ijyb,
          uniq_grinder
D:4:      layout_cave_pods
D:5:      layout_rooms, serial_shops, shop, chequers_serial_rivers_micro_b,
          makhleb_heckhound_becter
D:6:      layout_cave_pools, uniq_prince_ribbit1, uniq_maggie, uniq_duvessa

Skill      XL: |  1  2  3  4  5  6  7 |
---------------+----------------------+-----
Axes           | 2 3 4 |  4.3
Fighting       | 3 4 |  4.7
Armour         | 3 4 |  4.8
Shields        | 3 4 |  4.7

Action                   |  1- 3 |  4- 6 |  7- 9 || total
-------------------------+-------+-------+-------++-------
Melee: War axe           |   125 |   177 |   174 ||   476
Throw: Stone             |       |       |    29 ||    29
       Dart              |       |       |     3 ||     3
Evoke: Wand              |       |       |     6 ||     6
  Use: Scroll            |     1 |     7 |     6 ||    14
       Potion            |       |     1 |       ||     1
Armor: Scale mail        |    58 |    94 |     7 ||   159
       Chain mail        |       |       |   107 ||   107
Dodge: Dodged            |    43 |    49 |    37 ||   129
Block: Kite shield       |    79 |    77 |   106 ||   262

Table legend: (Time is in decaauts)
 A = Elapsed time spent in this place.
 B = Non-inter-level travel time spent in this place.
 C = Inter-level travel time spent in this place.
 D = Time resting spent in this place.
 E = Time spent auto-exploring this place.
 F = Levels seen in this place.
 G = Mean time per level.
                   A        B        C        D        E       F      G
               +--------+--------+--------+--------+--------+-----+--------+
         Total |   8529 |   8036 |    493 |   3417 |   3249 |   6 | 1421.5 |
       Dungeon |   8529 |   8036 |    493 |   3417 |   3249 |   6 | 1421.5 |
               +--------+--------+--------+--------+--------+-----+--------+

Top non-repeatable levels by time:
     D:3: 1870 daAuts
     D:4: 1838 daAuts
     D:5: 1794 daAuts
     D:1: 1474 daAuts
     D:2: 1451 daAuts
     D:6: 99 daAuts
